[Event "EYCC 2017"]
[Site "Mamaia"]
[Date "2017.09.11"]
[Round "6"]
[White "Stepanyan, Eva"]
[Black "Matasaru, Stephanie"]
[Result "1-0"]
[ECO "B76"]
[WhiteElo "1927"]
[BlackElo "1662"]
[Annotator "NA"]
[PlyCount "55"]
[EventDate "2017.??.??"]
[EventType "swiss"]
[EventCountry "ROU"]
[SourceTitle "playchess.com"]
[Source "ChessBase"]
[SourceQuality "1"]
[TimeControl "40/5400+30:1800+30"]

1. e4 c5 2. Nf3 d6 3. d4 cxd4 4. Nxd4 Nf6 5. Nc3 g6 6. Be3 Bg7 7. f3 O-O 8. Qd2 Nc6 9. O-O-O d5 10. exd5 Nxd5 11. Nxc6 bxc6 12. Bd4 e5 13. Bc5 Be6 14. Ne4 Re8 15. Bc4 Qd7 16. Bb3 Red8 17. h4 Qc7 18. Qf2 Nf4 19. Kb1 Bxb3 20. axb3 Nd5 21. h5 Nf6 22. hxg6 fxg6 23. Rxd8+ Qxd8 24. Qh4 Nxe4 25. Qxh7+ Kf7 26. fxe4 Qa5 27. Rf1+ Ke6 28. Qxg6+ 1-0

[Event "EYCC 2017"]
[Site "Mamaia"]
[Date "2017.09.11"]
[Round "6"]
[White "Cramling Bellon, Anna"]
[Black "Antova, Gabriela"]
[Result "0-1"]
[ECO "E32"]
[WhiteElo "1926"]
[BlackElo "2256"]
[Annotator "NA"]
[PlyCount "63"]
[EventDate "2017.??.??"]
[EventType "swiss"]
[EventCountry "ROU"]
[SourceTitle "playchess.com"]
[Source "ChessBase"]
[SourceQuality "1"]
[TimeControl "40/5400+30:1800+30"]

1. d4 Nf6 2. c4 e6 3. Nc3 Bb4 4. Qc2 O-O 5. e4 d5 6. e5 Ne4 7. Bd3 c5 8. cxd5 exd5 9. Nge2 cxd4 10. Nxd4 Nd7 11. f4 Qh4+ 12. g3 Qh3 13. Bd2 Nxd2 14. Qxd2 Nc5 15. Bc2 Bg4 16. a3 Bxc3 17. bxc3 Ne4 18. Bxe4 dxe4 19. Qf2 Rac8 20. Rc1 Rfd8 21. Kd2 Qh6 22. Qf1 Bf3 23. Qb5 Bxh1 24. Rxh1 e3+ 25. Kxe3 Rxc3+ 26. Kf2 Rxa3 27. e6 fxe6 28. Qc4 Qf6 29. Rd1 Re8 30. Qc7 Qf7 31. Qc4 e5 32. Qxf7+ 0-1

[Event "EYCC 2017"]
[Site "Mamaia"]
[Date "2017.09.11"]
[Round "6"]
[White "Han, Yichen"]
[Black "Nastore, Pavel-Alexandru"]
[Result "1-0"]
[ECO "B90"]
[WhiteElo "1884"]
[BlackElo "1714"]
[Annotator "NA"]
[PlyCount "93"]
[EventDate "2017.??.??"]
[EventType "swiss"]
[EventCountry "ROU"]
[SourceTitle "playchess.com"]
[Source "ChessBase"]
[SourceQuality "1"]
[TimeControl "40/5400+30:1800+30"]

1. e4 c5 2. Nf3 d6 3. d4 cxd4 4. Nxd4 Nf6 5. Nc3 a6 6. Be3 e5 7. Nb3 Be6 8. f3 Be7 9. Qd2 h5 10. Nd5 Bxd5 11. exd5 Nbd7 12. Be2 Rc8 13. O-O O-O 14. Na5 Qc7 15. c4 Bd8 16. b4 Qb8 17. Nb3 Bb6 18. Bxb6 Nxb6 19. Rfc1 Rfd8 20. a4 Nbd7 21. Bd3 Rc7 22. Rc2 Re8 23. Re1 Qa7+ 24. Qf2 Qxf2+ 25. Kxf2 g6 26. h3 Kg7 27. Ke3 h4 28. Nd2 b6 29. Rec1 Kf8 30. Nb3 Rec8 31. Be4 Nxe4 32. fxe4 Ke7 33. Kd3 f5 34. a5 bxa5 35. Nxa5 fxe4+ 36. Kxe4 Nf6+ 37. Kd3 Nh5 38. c5 Nf6 39. cxd6+ Kxd6 40. Nc4+ Rxc4 41. Rxc4 Rxc4 42. Kxc4 Nd7 43. Ra1 Nb8 44. Ra2 g5 45. Ra1 e4 46. Kd4 e3 47. Re1 {[%emt 0:00:33] Kxd5+ Ke4+} 1-0

[Event "EYCC 2017"]
[Site "Mamaia"]
[Date "2017.09.11"]
[Round "6"]
[White "Janiashvili, Mariami"]
[Black "Dwilewicz, Katarzyna"]
[Result "0-1"]
[ECO "D38"]
[WhiteElo "1875"]
[BlackElo "1884"]
[Annotator "NA RC"]
[PlyCount "124"]
[EventDate "2017.??.??"]
[EventType "swiss"]
[EventCountry "ROU"]
[SourceTitle "playchess.com"]
[Source "ChessBase"]
[SourceQuality "1"]
[TimeControl "40/5400+30:1800+30"]

1. d4 d5 2. c4 e6 3. Nc3 Bb4 4. Nf3 Nf6 5. Bg5 Nbd7 6. cxd5 exd5 7. e3 c5 8. Bd3 Qa5 9. Qc2 c4 10. Bf5 O-O 11. O-O Re8 12. Ne5 Nxe5 13. dxe5 Rxe5 14. Bxc8 Rxg5 15. Bxb7 Rb8 16. Bc6 Bxc3 17. bxc3 Qc7 18. f4 Rh5 19. Ba4 Rh6 20. Qd1 Qe7 21. Re1 Qa3 22. Rc1 Rd8 23. Bc2 Qxa2 24. e4 Qa5 25. e5 Qc5+ 26. Kh1 Nd7 27. f5 Nf8 28. f6 Qf2 29. fxg7 Ne6 30. Qg4 Rh4 31. Re2 Qf4 32. Qxf4 Rxf4 33. Rd2 Kxg7 34. Rcd1 Nc7 35. Ba4 Re4 36. Rd4 Rxd4 37. Rxd4 Ne6 38. Rg4+ Kf8 39. Kg1 Ke7 40. Rh4 d4 41. Kf2 dxc3 42. Rxc4 Rd4 43. Rxd4 Nxd4 44. Ke3 c2 45. Kd2 Ke6 46. Be8 a5 47. Kc1 h6 48. Kd2 Nf5 49. Kxc2 Ng7 50. Bc6 Kxe5 51. Kb3 Kd6 52. Ba8 Kc5 53. Ka4 Kb6 54. g4 Ne6 55. Bd5 Nc5+ 56. Ka3 f6 57. Bf3 Nd3 58. Ka4 Ne5 59. Be2 Kc5 60. Kxa5 Kd4 61. h4 Ke3 62. g5 Kxe2 0-1

[Event "EYCC 2017"]
[Site "Mamaia"]
[Date "2017.09.11"]
[Round "6"]
[White "Luczak, Filip"]
[Black "Suleymanli, Aydin"]
[Result "0-1"]
[ECO "C10"]
[WhiteElo "1866"]
[BlackElo "2351"]
[Annotator "NA"]
[PlyCount "68"]
[EventDate "2017.??.??"]
[EventType "swiss"]
[EventCountry "ROU"]
[SourceTitle "playchess.com"]
[Source "ChessBase"]
[SourceQuality "1"]
[TimeControl "40/5400+30:1800+30"]

1. e4 e6 2. d4 d5 3. Nc3 Nc6 4. exd5 exd5 5. Nf3 Bb4 6. Bd3 Bg4 7. Be3 Nf6 8. h3 Bh5 9. a3 Ba5 10. b4 Bb6 11. Be2 O-O 12. O-O Ne4 13. Nxe4 dxe4 14. Nd2 Bxe2 15. Qxe2 f5 16. Nb3 f4 17. Bc1 Nxd4 18. Nxd4 Qxd4 19. Rb1 Rae8 20. Rd1 f3 21. Qe1 Qf6 22. Be3 fxg2 23. Bxb6 axb6 24. Qe3 Re5 25. Kxg2 Qg6+ 26. Kf1 Ref5 27. Rd2 Rf3 28. Qd4 e3 29. Qd5+ R3f7 30. Re2 Kh8 31. Qh1 Rxf2+ 32. Ke1 Qg3 33. Rxf2 Qxf2+ 34. Kd1 Qd2# 0-1

[Event "EYCC 2017"]
[Site "Mamaia"]
[Date "2017.09.11"]
[Round "6"]
[White "Grigoryan, Arpine"]
[Black "Lomandong Noela-Joyce"]
[Result "1/2-1/2"]
[ECO "B27"]
[WhiteElo "1865"]
[BlackElo "2040"]
[Annotator "NA RC"]
[PlyCount "136"]
[EventDate "2017.??.??"]
[EventType "swiss"]
[EventCountry "ROU"]
[SourceTitle "playchess.com"]
[Source "ChessBase"]
[SourceQuality "1"]
[TimeControl "40/5400+30:1800+30"]

1. e4 c5 2. Nf3 g6 3. c3 Bg7 4. d4 cxd4 5. cxd4 d5 6. exd5 Nf6 7. Nc3 Nxd5 8. Bc4 Nb6 9. Bb3 O-O 10. O-O Nc6 11. Be3 Na5 {[%emt 0:07:17] D94: Grünfeld: 4 Nf3 Bg7 5 e3} (11... Bg4 12. h3 Bf5 13. d5 Na5 14. Bd4 Nxb3 15. axb3 f6 16. Bc5 Re8 17. Re1 e5 18. dxe6 Qxd1 19. Nxd1 {1-0 (38) Martirosyan,H (2516)-Salgado Lopez,I (2627) Minsk 2017}) 12. Bc2 Nac4 13. Qe2 Bd7 14. Bd3 Rc8 $146 ({Predecessor:} 14... Nd6 15. Rfd1 Nf5 16. Rac1 Rc8 17. b3 e6 18. Ne5 Nxe3 19. fxe3 Rxc3 20. Rxc3 {½-½ (26) Boruchovsky,A-Alekseenko,K (2056) Sibenik 2007}) 15. Rfd1 Nxe3 16. fxe3 Na4 17. Nxa4 Bxa4 18. b3 Bc6 19. Bc4 e6 20. Rac1 Qa5 21. e4 b5 22. Bd3 Qb6 23. Bb1 e5 24. Qf2 exd4 25. Nxd4 Bb7 26. Nf3 Qe6 27. Qxa7 Bh6 28. Rxc8 Qxc8 29. Qd4 Bg7 30. Qd6 Qc3 31. Qf4 Qc5+ 32. Kh1 f5 33. exf5 Qf2 34. Be4 g5 35. Qd6 Bxe4 36. Qe6+ Kh8 37. Qxe4 Qxa2 38. Qd5 Qc2 39. Nxg5 Rxf5 40. Qd8+ Rf8 41. Ne6 Rg8 42. Qd5 Bc3 43. Rg1 $16 b4 44. Nd8 Qf2 45. Nf7+ Kg7 46. Ne5 Rf8 47. Nf3 Kh8 48. Qd3 Rg8 49. Qe4 Qb2 50. Qd5 Bf6 51. Qf5 Qc3 52. Rb1 Re8 53. h3 Ra8 54. Kh2 Qc7+ 55. Kh1 Qc3 56. Ng5 Bxg5 57. Qxg5 Re8 58. Rc1 Re1+ 59. Rxe1 Qxe1+ 60. Kh2 Qc3 61. Qd5 Kg7 62. h4 Qc7+ 63. Kh3 Qc8+ 64. Kg3 Qc7+ 65. Kf3 Qc3+ 66. Kf4 Qc1+ 67. Ke5 Qe1+ 68. Qe4 Qc3+ 1/2-1/2

[Event "EYCC 2017"]
[Site "Mamaia"]
[Date "2017.09.11"]
[Round "6"]
[White "Zhurova, Anna"]
[Black "Tsotsonava, Elene"]
[Result "1-0"]
[ECO "B31"]
[WhiteElo "1864"]
[BlackElo "1644"]
[Annotator "NA RC"]
[PlyCount "95"]
[EventDate "2017.??.??"]
[EventType "swiss"]
[EventCountry "ROU"]
[SourceTitle "playchess.com"]
[Source "ChessBase"]
[SourceQuality "1"]
[TimeControl "40/5400+30:1800+30"]

1. e4 c5 2. Nf3 Nc6 3. Bb5 g6 4. Bxc6 bxc6 5. d4 Bg7 6. c3 cxd4 7. cxd4 Nf6 8. Nc3 Ba6 9. e5 Nd5 10. Nxd5 cxd5 11. h4 h5 12. Ng5 Qb6 13. a3 d6 14. Qa4+ Bb5 15. Qb3 dxe5 16. dxe5 O-O 17. a4 Bc4 18. Qxb6 axb6 19. f4 Rfc8 20. Be3 Rc6 21. Kd2 Bb3 22. Rhc1 Rc4 23. Rxc4 dxc4 24. Bxb6 Rxa4 25. Rxa4 Bxa4 26. Nf3 Bc6 27. Ne1 f6 28. Bd4 fxe5 29. fxe5 Kf7 30. e6+ Kf8 31. Kc3 Bd5 32. Bxg7+ Kxg7 33. Kd4 Bxe6 34. Nf3 Kf6 35. Ng5 Bg8 36. Ke4 c3 37. bxc3 Bc4 38. Kf4 Bd5 39. Ne4+ Bxe4 40. Kxe4 Ke6 41. c4 Kd6 42. Kd4 Kc6 43. c5 Kc7 44. Kd5 Kd7 45. c6+ Kc7 46. Ke6 Kxc6 47. Kxe7 Kd5 48. Kf6 1-0

[Event "EYCC 2017"]
[Site "Mamaia"]
[Date "2017.09.11"]
[Round "6"]
[White "Samadov, Read"]
[Black "Maurizzi, Marc Andria"]
[Result "1/2-1/2"]
[ECO "B33"]
[WhiteElo "1848"]
[BlackElo "1947"]
[Annotator "NA"]
[PlyCount "58"]
[EventDate "2017.??.??"]
[EventType "swiss"]
[EventCountry "ROU"]
[SourceTitle "playchess.com"]
[Source "ChessBase"]
[SourceQuality "1"]
[TimeControl "40/5400+30:1800+30"]

1. e4 c5 2. Nf3 Nc6 3. d4 cxd4 4. Nxd4 Nf6 5. Nc3 e5 6. Ndb5 d6 7. Bg5 a6 8. Na3 Be6 9. Bxf6 Qxf6 10. Nd5 Qd8 11. c3 Ne7 12. Bc4 Nxd5 13. Bxd5 Qc7 14. O-O Bxd5 15. Qxd5 Be7 16. Rad1 O-O 17. Rd3 Rad8 18. Nc4 b5 19. Ne3 Bg5 20. Nc2 g6 21. Nb4 a5 22. Qc6 Rc8 23. Qxc7 Rxc7 24. Nd5 Rb7 25. g3 f5 26. f3 Rbf7 27. Rdd1 Rb7 28. h4 Bd8 29. Kg2 Kg7 1/2-1/2

[Event "EYCC 2017"]
[Site "Mamaia"]
[Date "2017.09.11"]
[Round "6"]
[White "Levitan, Ronit"]
[Black "Peycheva, Gergana"]
[Result "1-0"]
[ECO "B22"]
[WhiteElo "1837"]
[BlackElo "2252"]
[Annotator "NA"]
[PlyCount "73"]
[EventDate "2017.??.??"]
[EventType "swiss"]
[EventCountry "ROU"]
[SourceTitle "playchess.com"]
[Source "ChessBase"]
[SourceQuality "1"]
[TimeControl "40/5400+30:1800+30"]

1. e4 c5 2. c3 d5 3. exd5 Qxd5 4. d4 Nf6 5. Nf3 e6 6. Bd3 Be7 7. O-O O-O 8. Qe2 Nc6 9. dxc5 Qxc5 10. Nbd2 Rd8 11. Ne4 Nxe4 12. Bxe4 Bf6 13. Be3 Qe7 14. Rad1 Bd7 15. Bf4 Be8 16. Rxd8 Rxd8 17. Rd1 a6 18. Rxd8 Qxd8 19. g3 g6 20. Qc4 b5 21. Qc5 Be7 22. Qe3 Qc8 23. Qb6 f5 24. Bc2 Bf6 25. Bb3 Bf7 26. Qc5 Qb7 27. Ne5 Na5 28. Nxf7 Kxf7 29. Bh6 Qa8 30. Qc7+ Be7 31. Qxa5 g5 32. Qc7 Qe4 33. Bxg5 Qe1+ 34. Kg2 Qe4+ 35. f3 Qe2+ 36. Kh3 Kg6 37. Qxe7 1-0

[Event "EYCC 2017"]
[Site "Mamaia"]
[Date "2017.09.11"]
[Round "6"]
[White "Guillo Longares, Cecilia"]
[Black "Jarocka, Liwia"]
[Result "1-0"]
[ECO "E16"]
[WhiteElo "1810"]
[BlackElo "1970"]
[Annotator "NA RC"]
[PlyCount "157"]
[EventDate "2017.??.??"]
[EventType "swiss"]
[EventCountry "ROU"]
[SourceTitle "playchess.com"]
[Source "ChessBase"]
[SourceQuality "1"]
[TimeControl "40/5400+30:1800+30"]

1. d4 Nf6 2. c4 e6 3. Nf3 Bb4+ 4. Bd2 Qe7 5. a3 Bxd2+ 6. Nbxd2 d5 7. e3 b6 8. Bd3 Bb7 9. b4 dxc4 10. Nxc4 Nbd7 11. Rc1 O-O 12. O-O c5 13. dxc5 bxc5 14. b5 Rfd8 15. Qe2 Nb6 16. Nfe5 Nxc4 17. Nxc4 Qd7 18. Rfd1 Qxb5 19. Nd6 Qc6 20. Nxb7 Qxb7 21. Rxc5 Qb3 22. Ra5 Rd7 23. Qc2 Qxc2 24. Bxc2 Rc7 25. Bd3 Kf8 26. Kf1 Rb8 27. Rb5 Rxb5 28. Bxb5 Ke7 29. Rd4 Nd5 30. Bc4 Nb6 31. Bb5 Nd5 32. Bc4 Nb6 33. Bb5 Rc2 34. Ke1 h6 35. Rd2 Rc1+ 36. Rd1 Rc5 37. a4 Rc7 38. Kd2 Nd5 39. Rc1 Rxc1 40. Kxc1 Kd6 41. Kc2 Nc7 42. Kb3 a6 43. Bd3 Kc5 44. Be2 a5 45. Bd3 e5 46. h3 Ne8 47. Kc3 Nd6 48. Bc2 f5 49. Bd3 f4 50. exf4 exf4 51. Bc2 Nc8 52. Bd1 Nb6 53. Bb3 Nc8 54. Bd1 Nd6 55. Bc2 Kd5 56. Bb3+ Ke5 57. Bc2 g5 58. Bd3 h5 59. Be2 h4 60. Bf3 Ne4+ 61. Kc4 Nxf2 62. Kb5 Kd4 63. Kxa5 Kc5 64. Ka6 Nd3 65. a5 Ne5 66. Kb7 Nxf3 67. a6 g4 68. a7 gxh3 69. gxh3 Kd4 70. a8=Q Nd2 71. Qd8+ Ke3 72. Qxh4 f3 73. Qe1+ Kd3 74. h4 Ne4 75. h5 f2 76. Qxf2 Nxf2 77. h6 Ne4 78. h7 Nf6 79. h8=Q 1-0

[Event "EYCC 2017"]
[Site "Mamaia"]
[Date "2017.09.11"]
[Round "6"]
[White "Koubova, Anna Marie"]
[Black "Eizaguerri Floris, Maria"]
[Result "0-1"]
[ECO "D02"]
[WhiteElo "1805"]
[BlackElo "2098"]
[Annotator "NA"]
[PlyCount "72"]
[EventDate "2017.??.??"]
[EventType "swiss"]
[EventCountry "ROU"]
[SourceTitle "playchess.com"]
[Source "ChessBase"]
[SourceQuality "1"]
[TimeControl "40/5400+30:1800+30"]

1. d4 d5 2. Nf3 Nf6 3. g3 Bf5 4. c4 c6 5. Nc3 e6 6. Nh4 Be4 7. f3 Bg6 8. Qb3 Qb6 9. Nxg6 hxg6 10. c5 Qc7 11. Bf4 Qc8 12. Bg2 Nbd7 13. O-O e5 14. dxe5 Bxc5+ 15. e3 Nh5 16. Rfe1 Nxf4 17. gxf4 Nb6 18. Rac1 Qd8 19. Ne2 Qh4 20. h3 Nc4 21. Qxb7 Bxe3+ 22. Kh1 O-O 23. Rb1 Nd2 24. Qxc6 Nxb1 25. Rxb1 d4 26. Qe4 Rfd8 27. f5 Qxe4 28. fxe4 Rac8 29. Bf3 Rc2 30. Bg4 d3 31. Nc3 Rb8 32. Nd5 Bg5 33. e6 fxe6 34. fxe6 Rbxb2 35. Rxb2 Rxb2 36. e7 Kf7 0-1

[Event "EYCC 2017"]
[Site "Mamaia"]
[Date "2017.09.11"]
[Round "6"]
[White "Toncheva, Nadya"]
[Black "Allahverdiyeva, Ayan"]
[Result "0-1"]
[ECO "A67"]
[WhiteElo "1802"]
[BlackElo "2042"]
[Annotator "NA"]
[PlyCount "58"]
[EventDate "2017.??.??"]
[EventType "swiss"]
[EventCountry "ROU"]
[SourceTitle "playchess.com"]
[Source "ChessBase"]
[SourceQuality "1"]
[TimeControl "40/5400+30:1800+30"]

1. d4 e6 2. c4 Nf6 3. Nc3 c5 4. d5 exd5 5. cxd5 d6 6. e4 g6 7. f4 Bg7 8. Bb5+ Nfd7 9. a4 O-O 10. Nf3 Na6 11. O-O Nc7 12. Bxd7 Bxd7 13. e5 Bg4 14. exd6 Qxd6 15. h3 Bd4+ 16. Kh1 Bxf3 17. Rxf3 Rfe8 18. Ne2 Bf6 19. Raa3 c4 20. Nc3 Rad8 21. Be3 Nxd5 22. Bxa7 Bxc3 23. Raxc3 Nxc3 24. Qxd6 Rxd6 25. bxc3 Rd3 26. a5 Red8 27. Bd4 Rxf3 28. gxf3 Rxd4 29. cxd4 c3 0-1

[Event "EYCC 2017"]
[Site "Mamaia"]
[Date "2017.09.11"]
[Round "6"]
[White "Aubert, Estee"]
[Black "Mkrtchyan, Mariam"]
[Result "1-0"]
[ECO "A45"]
[WhiteElo "1800"]
[BlackElo "1794"]
[Annotator "NA RC"]
[PlyCount "151"]
[EventDate "2017.??.??"]
[EventType "swiss"]
[EventCountry "ROU"]
[SourceTitle "playchess.com"]
[Source "ChessBase"]
[SourceQuality "1"]
[TimeControl "40/5400+30:1800+30"]

1. d4 Nf6 2. Bf4 e6 3. e3 b6 4. Nf3 Bb7 5. Bd3 c5 6. c3 Be7 7. h3 Nc6 8. Nbd2 d6 9. Qe2 a6 10. O-O O-O 11. e4 cxd4 12. cxd4 Nb4 13. Bb1 a5 14. Rc1 Ba6 15. Qe3 Rc8 16. Rxc8 Qxc8 17. a3 Nbd5 18. exd5 Nxd5 19. Qb3 Nxf4 20. Qxb6 a4 21. Kh2 f5 22. Ba2 g5 23. Re1 g4 24. g3 gxf3 25. gxf4 Rf6 26. Nxf3 h6 27. Nh4 Bc4 28. Rg1+ Kh7 29. Qa7 Rf7 30. Bxc4 Qxc4 31. Qa8 Rg7 32. Rxg7+ Kxg7 33. Qg2+ Kf7 34. Qg6+ Kf8 35. Qxh6+ Ke8 36. Qh8+ Kd7 37. Qg7 Qf1 38. Kg3 Kd8 39. Qh8+ Kd7 40. Nf3 Qc1 41. Qb8 Qc4 42. h4 Bf6 43. Qb7+ Ke8 44. Qb6 Ke7 45. h5 e5 46. Qb7+ Ke6 47. Qb8 exf4+ 48. Kg2 Ke7 49. Qa7+ Kf8 50. Qb8+ Ke7 51. h6 Qf7 52. Qc7+ Ke8 53. Qc8+ Bd8 54. Nh4 Qg8+ 55. Kh2 Qg4 56. Qe6+ Be7 57. Qg6+ Kd7 58. Qxf5+ Qxf5 59. Nxf5 Bf6 60. Kh3 Ke6 61. Kg4 f3 62. h7 d5 63. Kf4 Kf7 64. Ke3 Kg6 65. Nd6 Kxh7 66. Nb5 Bg5+ 67. Kxf3 Bc1 68. Ke2 Bxb2 69. Kd2 Kg6 70. Kc2 Ba1 71. Kb1 Bxd4 72. Nxd4 Kg5 73. Kc2 Kf4 74. Kd3 Ke5 75. Ne2 Kd6 76. Nc3 1-0

[Event "EYCC 2017"]
[Site "Mamaia"]
[Date "2017.09.11"]
[Round "6"]
[White "Sosnina, Nadezhda"]
[Black "Alekseenko, Mariya"]
[Result "0-1"]
[ECO "B43"]
[WhiteElo "1797"]
[BlackElo "1731"]
[Annotator "NA"]
[PlyCount "92"]
[EventDate "2017.??.??"]
[EventType "swiss"]
[EventCountry "ROU"]
[SourceTitle "playchess.com"]
[Source "ChessBase"]
[SourceQuality "1"]
[TimeControl "40/5400+30:1800+30"]

1. e4 c5 2. Nf3 e6 3. d4 cxd4 4. Nxd4 a6 5. Nc3 Qc7 6. a3 Nf6 7. f4 d6 8. g4 b5 9. g5 Nfd7 10. Be3 Bb7 11. h4 Nb6 12. Qe2 N8d7 13. h5 Rc8 14. Bg2 Nc4 15. O-O-O Nxb2 16. Ncxb5 axb5 17. Nxb5 Qc4 18. Qxc4 Nxc4 19. Bf2 Ba6 20. a4 Bxb5 21. axb5 Ra8 22. Kb1 Na3+ 23. Kc1 Nxb5 24. Kd2 Be7 25. e5 d5 26. c4 Ra2+ 27. Ke1 Nc3 28. Rc1 Ba3 29. Rxc3 Bb4 30. Kf1 Bxc3 31. cxd5 Ra1+ 32. Ke2 Rxh1 33. Bxh1 O-O 34. d6 Rd8 35. Bc6 f6 36. Kd3 Ba1 37. Bd4 Bxd4 38. Kxd4 fxe5+ 39. fxe5 Kf7 40. Ke4 g6 41. h6 Ke8 42. Bb5 Rb8 43. Bc4 Rb4 44. Kd4 Nb6 45. Kc5 Rxc4+ 46. Kxb6 Kd7 0-1

[Event "EYCC 2017"]
[Site "Mamaia"]
[Date "2017.09.11"]
[Round "6"]
[White "Strybuk, Artsiom I"]
[Black "Fiszer, Bartosz"]
[Result "1/2-1/2"]
[ECO "B35"]
[WhiteElo "1790"]
[BlackElo "2009"]
[Annotator "NA"]
[PlyCount "66"]
[EventDate "2017.??.??"]
[EventType "swiss"]
[EventCountry "ROU"]
[SourceTitle "playchess.com"]
[Source "ChessBase"]
[SourceQuality "1"]
[TimeControl "40/5400+30:1800+30"]

1. e4 c5 2. Nf3 Nc6 3. d4 cxd4 4. Nxd4 g6 5. Nc3 Bg7 6. Be3 Nf6 7. Bc4 O-O 8. Bb3 e6 9. O-O d5 10. exd5 exd5 11. h3 Be6 12. Nce2 Na5 13. c3 Rc8 14. Nf4 Re8 15. Re1 a6 16. Qf3 Nxb3 17. axb3 Qd7 18. b4 Ne4 19. Rad1 Qc7 20. Bc1 Rcd8 21. Rd3 a5 22. bxa5 Qxa5 23. Red1 Qa4 24. Be3 Qa2 25. Qe2 Nc5 26. R3d2 Ne4 27. Rd3 Nc5 28. R3d2 Ne4 29. Rd3 Be5 30. Bc1 Bg7 31. Be3 Be5 32. Bc1 Bg7 33. Be3 Be5 1/2-1/2

[Event "EYCC 2017"]
[Site "Mamaia"]
[Date "2017.09.11"]
[Round "6"]
[White "Dubovyk, Anastasiia"]
[Black "Can, Isil"]
[Result "1-0"]
[ECO "C99"]
[WhiteElo "1785"]
[BlackElo "1945"]
[Annotator "NA RC"]
[PlyCount "132"]
[EventDate "2017.??.??"]
[EventType "swiss"]
[EventCountry "ROU"]
[SourceTitle "playchess.com"]
[Source "ChessBase"]
[SourceQuality "1"]
[TimeControl "40/5400+30:1800+30"]

1. e4 e5 2. Nf3 Nc6 3. Bb5 a6 4. Ba4 Nf6 5. O-O Be7 6. Re1 b5 7. Bb3 d6 8. c3 O-O 9. h3 Na5 10. Bc2 c5 11. d4 Qc7 12. Nbd2 cxd4 13. cxd4 Bd7 14. Nf1 Rac8 15. Bb1 Nc6 16. Be3 a5 17. Bd3 Qb7 18. a3 Bd8 19. d5 Ne7 20. Ng3 Ng6 21. Qd2 Bb6 22. Bg5 Ne8 23. h4 f6 24. Be3 Bxe3 25. Qxe3 Nf4 26. Ne2 Nxd3 27. Qxd3 f5 28. Ng3 f4 29. Nf1 Nf6 30. Rac1 Rxc1 31. Rxc1 Rc8 32. Rc2 b4 33. axb4 axb4 34. N3d2 Rxc2 35. Qxc2 Qc8 36. Qxc8+ Bxc8 37. f3 Ba6 38. Nb3 Nd7 39. Nfd2 Kf7 40. Na5 Nc5 41. Ndc4 Ke7 42. Nc6+ Kd7 43. Nd2 Bb5 44. Nxb4 Nd3 45. Nxd3 Bxd3 46. Kf2 h6 47. g3 g5 48. hxg5 hxg5 49. gxf4 gxf4 50. Kg2 Kc7 51. Kh3 Kb6 52. Kg4 Kc5 53. Nb3+ Kb4 54. Nc1 Bf1 55. Kf5 Bh3+ 56. Kf6 Bg2 57. Nd3+ Kb3 58. Ne1 Bh3 59. Ke7 Kxb2 60. Kxd6 Kc3 61. Kxe5 Kd2 62. Kxf4 Kxe1 63. Ke3 Kd1 64. f4 Kc2 65. f5 Bg4 66. d6 Kc1 1-0

[Event "EYCC 2017"]
[Site "Mamaia"]
[Date "2017.09.11"]
[Round "6"]
[White "Vanduyfhuys, Daria"]
[Black "Srdanovic, Jovana"]
[Result "0-1"]
[ECO "D12"]
[WhiteElo "1775"]
[BlackElo "1994"]
[Annotator "NA"]
[PlyCount "104"]
[EventDate "2017.??.??"]
[EventType "swiss"]
[EventCountry "ROU"]
[SourceTitle "playchess.com"]
[Source "ChessBase"]
[SourceQuality "1"]
[TimeControl "40/5400+30:1800+30"]

1. d4 d5 2. c4 c6 3. Nf3 Nf6 4. e3 Bf5 5. Nbd2 e6 6. Be2 h6 7. O-O Nbd7 8. b3 Bd6 9. Bb2 O-O 10. Ne5 a5 11. a3 Ne4 12. Nxe4 Bxe4 13. Bd3 Bxd3 14. Qxd3 Bxe5 15. dxe5 Nc5 16. Qc2 a4 17. b4 Nd7 18. cxd5 cxd5 19. Bd4 Qb8 20. Qb2 b5 21. Rac1 Qb7 22. Rc2 Rac8 23. Rfc1 Rc4 24. f4 Nb6 25. Rxc4 dxc4 26. Bxb6 Qxb6 27. Qd4 Qxd4 28. exd4 Rd8 29. Rd1 h5 30. Kf2 Kh7 31. g3 Kg6 32. h3 Kf5 33. Kf3 g5 34. g4+ hxg4+ 35. hxg4+ Kg6 36. Ke4 gxf4 37. Kxf4 Rd7 38. Ke4 Kg5 39. Rg1 Rc7 40. d5 exd5+ 41. Kxd5 c3 42. Kd6 Rc4 43. Ke7 Re4 44. Kd6 c2 45. Rc1 Rc4 46. Ke7 Kg6 47. Kd7 Rc3 48. Kd6 Kg5 49. Ke7 Kf4 50. Kxf7 Kxe5 51. g5 Kf5 52. Rf1+ Kxg5 0-1

[Event "EYCC 2017"]
[Site "Mamaia"]
[Date "2017.09.11"]
[Round "6"]
[White "Bondareva, Daria"]
[Black "Ziegenfuss, Antonia"]
[Result "1-0"]
[ECO "B21"]
[WhiteElo "1754"]
[BlackElo "1956"]
[Annotator "NA"]
[PlyCount "67"]
[EventDate "2017.??.??"]
[EventType "swiss"]
[EventCountry "ROU"]
[SourceTitle "playchess.com"]
[Source "ChessBase"]
[SourceQuality "1"]
[TimeControl "40/5400+30:1800+30"]

1. e4 c5 2. d4 cxd4 3. c3 dxc3 4. Nxc3 Nc6 5. Nf3 d6 6. Bc4 a6 7. O-O Nf6 8. Qe2 Bg4 9. Rd1 e6 10. h3 Bxf3 11. Qxf3 Ne5 12. Qe2 Nxc4 13. Qxc4 Be7 14. e5 d5 15. Qe2 Nd7 16. Qg4 Nxe5 17. Qxg7 Ng6 18. Be3 Bg5 19. Bxg5 Qxg5 20. f4 Qf5 21. Rac1 O-O-O 22. g4 Rhg8 23. Qxg8 Rxg8 24. gxf5 Nxf4+ 25. Kh2 Kb8 26. fxe6 fxe6 27. Rg1 Re8 28. Rcd1 Rd8 29. Rg4 Ng6 30. h4 Ne5 31. Rg7 h5 32. Ne2 Ng4+ 33. Rxg4 hxg4 34. Kg3 1-0

[Event "EYCC 2017"]
[Site "Mamaia"]
[Date "2017.09.11"]
[Round "6"]
[White "Lomaia, Diana"]
[Black "Ince, Safiye Oyku"]
[Result "1/2-1/2"]
[ECO "B44"]
[WhiteElo "1753"]
[BlackElo "1737"]
[Annotator "NA"]
[PlyCount "88"]
[EventDate "2017.??.??"]
[EventType "swiss"]
[EventCountry "ROU"]
[SourceTitle "playchess.com"]
[Source "ChessBase"]
[SourceQuality "1"]
[TimeControl "40/5400+30:1800+30"]

1. e4 c5 2. Nf3 e6 3. d4 cxd4 4. Nxd4 Nc6 5. Nb5 Nf6 6. N1c3 Bb4 7. a3 Bxc3+ 8. Nxc3 d5 9. exd5 exd5 10. Bd3 O-O 11. O-O d4 12. Ne2 Bg4 13. Bg5 Qd6 14. Re1 Rfe8 15. Qd2 Nd5 16. Nf4 Rac8 17. Nxd5 Qxd5 18. Qf4 Be6 19. Bh4 f6 20. Bg3 Ne5 21. Be4 Qd7 22. Rad1 Red8 23. h3 Nc4 24. c3 Qf7 25. cxd4 g5 26. Qf3 Bd5 27. Bxd5 Rxd5 28. Re7 Qxe7 29. Qxd5+ Qf7 30. Qxf7+ Kxf7 31. Rc1 Ke6 32. Re1+ Kf7 33. d5 Rd8 34. Rd1 Nb6 35. d6 Nc8 36. f3 Ke6 37. Re1+ Kf7 38. Rc1 Nxd6 39. Bxd6 Rxd6 40. Rc7+ Kg6 41. Rxb7 Ra6 42. g4 h5 43. gxh5+ Kxh5 44. Kf2 f5 1/2-1/2

[Event "EYCC 2017"]
[Site "Mamaia"]
[Date "2017.09.11"]
[Round "6"]
[White "Yakimova, Mariya"]
[Black "Obada, Ema"]
[Result "1-0"]
[ECO "B92"]
[WhiteElo "1736"]
[BlackElo "1708"]
[Annotator "NA RC"]
[PlyCount "105"]
[EventDate "2017.??.??"]
[EventType "swiss"]
[EventCountry "ROU"]
[SourceTitle "playchess.com"]
[Source "ChessBase"]
[SourceQuality "1"]
[TimeControl "40/5400+30:1800+30"]

1. e4 c5 2. Nf3 d6 3. d4 cxd4 4. Nxd4 Nf6 5. Nc3 a6 6. Be2 e5 7. Nb3 Be6 8. Be3 Nbd7 9. O-O Be7 10. f3 h5 11. a4 Rc8 12. a5 Qc7 13. Qd2 O-O 14. Rfc1 Bc4 15. Bxc4 Qxc4 16. Rd1 Rfd8 17. Qd3 Qc6 18. Rac1 Nc5 19. Nxc5 dxc5 20. Nd5 Nxd5 21. exd5 Qc7 22. c4 Qxa5 23. Qf5 Bd6 24. Qxh5 b5 25. Qg4 Qc7 26. Bg5 Rd7 27. Bf6 Bf8 28. Bxe5 Qb7 29. b3 Re8 30. f4 Qc8 31. Qg3 Qd8 32. Re1 Rde7 33. h3 f6 34. Bc3 b4 35. Bd2 Re2 36. Qd3 Rxe1+ 37. Rxe1 Bd6 38. Rxe8+ Qxe8 39. Qe3 Qxe3+ 40. Bxe3 a5 41. g3 Kf7 42. Kf2 Ke7 43. Ke2 Kd7 44. Kd3 Kd8 45. g4 Ke7 46. Ke4 Kf7 47. h4 g6 48. f5 gxf5+ 49. Kxf5 Bf8 50. h5 Be7 51. h6 Bd6 52. h7 Kg7 53. Ke6 1-0